 Dungeon Crawl Stone Soup version 0.23.2-1-ga50397a6bc (webtiles) character file.

Game seed: 251552743766157962

28114 Peloso the Fencer (level 13, 0/119 HPs)
             Began as a Minotaur Fighter on Apr 18, 2019.
             Was the Champion of Okawaru.
             Slain by a bullfrog (4 damage)
             ... on level 6 of the Lair of Beasts.
             The game lasted 00:29:41 (12876 turns).

Peloso the Fencer (Minotaur Fighter)               Turns: 12876, Time: 00:29:43

Health: 0/119      AC: 18    Str: 23    XL:     13   Next: 8%
Magic:  12/12      EV:  9    Int:  5    God:    Okawaru [******]
Gold:   843        SH: 14    Dex: 17    Spells: 12/12 levels left

rFire    . . .     SeeInvis .   a - +2 demon blade (drain)
rCold    . . .     Gourm    +   c - +0 shield
rNeg     . . .     Faith    .   y - +0 plate armour
rPois    .         Spirit   .   (helmet restricted)
rElec    .         Reflect  .   A - +0 cloak
rCorr    .         Harm     .   (no gloves)
MR       +....                  (no boots)
Stlth    ..........             h - amulet of the gourmand
HPRegen  0.29/turn              O - ring of protection from magic
MPRegen  0.13/turn              T - +2 ring of protection

@: lethally poisoned (0 -> -8), very slightly contaminated, studying Axes
A: retaliatory headbutt, horns 2, agile 2
a: Heroism, Finesse, Renounce Religion


You were on level 6 of the Lair of Beasts.
You worshipped Okawaru.
Okawaru was exalted by your worship.
You were very full.

You visited 3 branches of the dungeon, and saw 17 of its levels.

You collected 843 gold pieces.

Inventory:

Hand Weapons
 a - a +2 demon blade of draining (weapon)
 b - a +2 scimitar of flaming
Armour
 c - a +0 shield (worn)
 u - a +1 hat
 y - a +0 plate armour (worn)
 A - a +0 cloak (worn)
Jewellery
 h - an amulet of the gourmand (around neck)
 r - an uncursed ring of magical power
 D - an uncursed ring of poison resistance
 E - an uncursed ring of magical power
 I - an uncursed amulet of regeneration
 K - an uncursed ring of protection from fire
 O - a ring of protection from magic (left hand)
 T - a +2 ring of protection (right hand)
Wands
 p - a wand of random effects (41)
 B - a wand of flame (36)
 J - a wand of disintegration (31)
Scrolls
 j - 7 scrolls of identify
 m - 6 scrolls of teleportation
 n - a scroll of random uselessness
 o - 12 scrolls of remove curse
 q - 4 scrolls of blinking
 w - 3 scrolls of enchant weapon
 x - a scroll of fog
 C - a scroll of immolation {unknown}
 F - 4 scrolls of enchant armour {unknown}
 G - 2 scrolls of amnesia {unknown}
 L - a scroll of fear {unknown}
 M - a scroll of holy word {unknown}
Potions
 d - 3 potions of might
 e - 3 potions of brilliance
 g - 4 potions of curing
 i - 6 potions of flight
 k - 4 potions of magic
 l - 2 potions of resistance
 s - 2 potions of agility
 t - a potion of invisibility
 N - a potion of cancellation {unknown}
 R - a potion of heal wounds {unknown}
 S - 2 potions of mutation
Books
 H - a manual of Axes
Miscellaneous
 Q - a lamp of fire
Comestibles
 f - 30 rations
 P - 2 chunks of flesh


   Skills:
 + Level 12.8 Fighting
   Level 2.0(9.6) Short Blades
 + Level 15.1 Long Blades
 + Level 11.6 Armour
 + Level 3.8 Dodging
 + Level 1.2 Stealth
 + Level 12.7 Shields
 + Level 1.0 Evocations


You had 12 spell levels left.
You didn't know any spells.
Your spell library contained the following spells:

 Spells                   Type           Power        Failure   Level  Hunger
 Beastly Appendage        Tmut           #.....       100%        1    ##.....
 Confusing Touch          Hex            #.....       100%        1    ##.....
 Infusion                 Chrm           #...         100%        1    ##.....
 Shroud of Golubria       Chrm/Tloc      #.........   100%        2    ###....
 Song of Slaying          Chrm           #.......     100%        2    ###....
 Sticks to Snakes         Tmut           #.......     100%        2    ###....
 Confuse                  Hex            #.......     100%        3    ####...
 Gell's Gravitas          Tloc           #.........   100%        3    ####...
 Regeneration             Chrm/Necr      #.........   100%        3    ####...
 Spectral Weapon          Hex/Chrm       #.......     100%        3    ####...
 Spider Form              Tmut/Pois      #.........   100%        3    ####...
 Ice Form                 Ice/Tmut       #.......     100%        4    #####..
 Petrify                  Tmut/Erth      #.......     100%        4    #####..
 Blade Hands              Tmut           #.........   100%        5    ######.
 Metabolic Englaciation   Hex/Ice        #.........   100%        5    ######.
 Yara's Violent Unravell  Hex/Tmut       #.........   100%        5    ######.


Dungeon Overview and Level Annotations

Branches:
Dungeon (11/15)            Temple (1/1) D:5            Lair (4/6) D:8
  Swamp (0/4) Lair:4        Snake (0/4) Lair:2          Orc (0/2) D:9

Altars:
Ashenzari
Cheibriados
Dithmenos
Elyvilon
Fedhas
Gozag
Hepliaklqana
Kikubaaqudgha
Makhleb
Nemelex Xobeh
Okawaru
Qazlal
Ru
Sif Muna
Trog
Uskayaw
Vehumet
Wu Jian
Xom
Yredelemnul
Zin

Annotations:
D:3 1 runed translucent door, Bainin's ghost, amateur HuFi
D:10 1 runed translucent door, Teps's ghost, novice MiBe


Innate Abilities, Weirdness & Mutations

You reflexively headbutt those who attack you in melee.
You have a pair of horns on your head.
You are very agile. (Dex +4)


Message History

The black mamba hisses angrily.
You slash the spiny frog!
You kill the spiny frog!
Okawaru accepts your kill. The bullfrog closely misses you.
You furiously retaliate!
You headbutt the bullfrog. The spiny frog stings you!
* * * LOW HITPOINT WARNING * * *
You slash the spiny frog! Your headbutt misses the spiny frog.
The spiny frog is heavily wounded.
You block the bullfrog's attack.
The spiny frog stings you but does no damage.
Unknown command.
You hit the spiny frog.
The spiny frog is heavily wounded.
The spiny frog stings you!
* * * LOW HITPOINT WARNING * * *
You are lethally poisoned!
The spiny frog poisons you! You block the bullfrog's attack.
The bullfrog hits you.
You die...

,,**,,,,,,,**,,,,,,≈≈≈≈≈≈≈≈≈≈≈≈≈,
,,*****,,###....#.,≈≈≈≈≈≈≈≈≈≈,≈≈,
,,*,*****#....#...,≈≈≈≈≈≈≈≈≈***≈≈
,,,,,,,,,........#≈≈≈≈≈≈≈≈***#***
,,,,,,,,,........#,≈≈≈*≈*###.≈≈≈≈
,,,,,,,,,.......F#,≈*####≈.≈≈≈≈≈≈
,,,,,*,,,........#####≈≈≈.≈≈≈≈≈≈≈
,,,,,,,,,....(....#.÷.≈≈≈≈≈≈≈≈≈≈≈
,,,,,,,,,..PPP#F@F#.†.†.≈≈≈≈P≈≈≈*
,<,,,,,,,...P..F†F#§§§§§.P≈≈P≈≈≈≈
,,,,,,,,,..P......P§§§§P..≈P.≈≈≈≈
,,,,,,,,,...........§.§§..≈≈≈.,,≈
,,,,,,,,,.....S.##...P.#≈≈.P..,≈,
,,,,,,,,,.....................≈≈,
,,,,,,,,,..P.....^.....P....FP,,,
,,,,,,,,,...............P.....,,,
,,,,,,,,,.P...........#.#.#P..,,,


You could see a black mamba, 2 spiny frogs, a blink frog and 2 bullfrogs.

Vanquished Creatures
  Nessos (Lair:4)
  Erolcha (D:9)
  A catoblepas (Lair:3)
  A hydra (Lair:3)
  A two-headed ogre (D:11)
  2 ugly things (D:10)
  A deep elf mage (D:11)
  Psyche (D:10)
  2 kobold demonologists
  8 spiny frogs
  2 rime drakes
  4 komodo dragons
  An efreet (D:11)
  3 trolls
  Grinder (D:6)
  A tyrant leech (Lair:6)
  2 hornets
  10 blink frogs
  3 hippogriffs
  20 yaks
  2 wyverns
  A wraith (D:11)
  3 basilisks
  3 hungry ghosts
  A vampire mosquito (Lair:6)
  2 nagas (Lair:2)
  5 water moccasins
  10 porcupines
  4 orc warriors
  3 sky beasts
  3 ice beasts
  A phantom (D:6)
  A black bear (shapeshifter) (D:11)
  2 black bears
  7 ogres
  An eye of draining (D:11)
  4 necrophages
  8 wolves
  9 centaurs
  7 crocodiles
  3 big kobolds
  14 bullfrogs
  A gnoll sergeant (D:9)
  Blork the orc (D:6)
  4 scorpions
  9 killer bees
  A water moccasin skeleton (D:5)
  5 wights (D:7)
  4 howler monkeys
  4 crimson imps
  A bullfrog zombie (D:10)
  2 centaur zombies
  2 quasits (D:6)
  2 jellies
  7 hounds
  A gnoll shaman (D:8)
  4 orc priests
  3 bullfrog skeletons
  6 orc wizards
  2 centaur skeletons
  4 iguanas
  9 worker ants
  2 hound skeletons
  15 adders
  12 gnolls
  3 shadow imps
  An ooze (D:1)
  An adder skeleton (D:6)
  5 worms
  4 dart slugs
  7 leopard geckos
  41 orcs
  4 ball pythons
  4 giant cockroaches
  9 goblins
  9 hobgoblins
  6 jackals
  4 quokkas
  8 bats
  8 frilled lizards
  A giant cockroach zombie (D:5)
  2 jackal skeletons
  29 kobolds
  2 leopard gecko skeletons
  A leopard gecko zombie (D:7)
  7 rats
417 creatures vanquished.

Vanquished Creatures (others)
  3 fungi
  17 plants
20 creatures vanquished.

Grand Total: 437 creatures vanquished

Notes
Turn   | Place    | Note
-------+----------+-------------------------------------------
     0 | D:1      | Peloso the Minotaur Fighter began the quest for the Orb.
     0 | D:1      | Reached XP level 1. HP: 19/19 MP: 0/0
    64 | D:1      | Reached XP level 2. HP: 20/27 MP: 1/1
   221 | D:1      | Reached XP level 3. HP: 15/33 MP: 2/2
   476 | D:2      | Reached skill level 3 in Long Blades
   642 | D:2      | Found a shadowy altar of Dithmenos.
   695 | D:2      | Reached XP level 4. HP: 25/40 MP: 3/3
  1136 | D:3      | Found a runed translucent door.
  1136 | D:3      | Noticed Bainin's ghost (amateur HuFi)
  1318 | D:3      | Reached skill level 4 in Long Blades
  1318 | D:3      | Reached XP level 5. HP: 33/47 MP: 4/4
  1343 | D:3      | Reached skill level 5 in Shields
  1491 | D:3      | Noticed an orc warrior
  1501 | D:3      | Killed an orc warrior
  1501 | D:3      | Reached skill level 1 in Dodging
  1501 | D:3      | Reached XP level 6. HP: 17/53 MP: 5/5
  2294 | D:4      | Reached skill level 5 in Long Blades
  2415 | D:4      | Found a shattered altar of Ashenzari.
  2506 | D:4      | Found a blossoming altar of Fedhas.
  2540 | D:4      | Reached skill level 5 in Fighting
  2540 | D:4      | Reached skill level 5 in Armour
  2790 | D:4      | Reached XP level 7. HP: 25/61 MP: 6/6
  3185 | D:5      | Entered Level 5 of the Dungeon
  3252 | D:5      | Reached skill level 6 in Long Blades
  3291 | D:5      | Found a faded altar of an unknown god.
  3291 | D:5      | Found a sacrificial altar of Ru.
  3298 | D:5      | Found a stormy altar of Qazlal.
  3300 | D:5      | Found a basalt altar of Yredelemnul.
  3302 | D:5      | Found a faded altar of an unknown god.
  3367 | D:5      | Reached skill level 7 in Long Blades
  3486 | D:5      | Reached XP level 8. HP: 69/69 MP: 7/7
  3678 | D:5      | Found a staircase to the Ecumenical Temple.
  3710 | Temple   | Entered the Ecumenical Temple
  3743 | Temple   | Became a worshipper of Warmaster Okawaru
  4001 | D:6      | Noticed Blork the orc
  4009 | D:6      | Killed Blork the orc
  4062 | D:6      | Reached skill level 8 in Long Blades
  4244 | D:6      | Reached * piety under Okawaru
  4445 | D:6      | Reached skill level 9 in Long Blades
  4445 | D:6      | Reached XP level 9. HP: 65/78 MP: 8/8
  4448 | D:6      | Noticed Grinder
  4464 | D:6      | Killed Grinder
  4504 | D:6      | Reached ** piety under Okawaru
  5185 | D:7      | Reached skill level 10 in Long Blades
  5252 | D:7      | Found an opulent altar of Gozag.
  5549 | D:7      | Reached *** piety under Okawaru
  5887 | D:8      | Found a blossoming altar of Fedhas.
  5890 | D:8      | Reached XP level 10. HP: 88/88 MP: 9/9
  5933 | D:8      | Reached skill level 11 in Long Blades
  5955 | D:8      | Reached **** piety under Okawaru
  5979 | D:8      | Found a staircase to the Lair.
  6441 | D:8      | Found a shimmering altar of Xom.
  6442 | D:8      | Found a shimmering altar of Xom.
  6442 | D:8      | Found a shimmering altar of Xom.
  6444 | D:8      | Found a shimmering altar of Xom.
  6444 | D:8      | Found a shimmering altar of Xom.
  6719 | D:9      | Found a staircase to the Orcish Mines.
  6776 | D:9      | Found a burning altar of Makhleb.
  6781 | D:9      | Reached skill level 12 in Long Blades
  6795 | D:9      | Found a hazy altar of Hepliaklqana.
  6862 | D:9      | Reached skill level 1 in Stealth
  6938 | D:9      | Reached ***** piety under Okawaru
  6984 | D:9      | Noticed Erolcha
  6997 | D:9      | Killed Erolcha
  6997 | D:9      | Reached skill level 10 in Shields
  7061 | D:9      | Reached XP level 11. HP: 68/97 MP: 10/10
  7180 | D:9      | Found an ornate altar of the Wu Jian Council.
  7345 | D:9      | Found a radiant altar of Vehumet.
  7381 | D:9      | Found a bloodstained altar of Trog.
  7529 | D:10     | Entered Level 10 of the Dungeon
  7568 | D:10     | Noticed Psyche
  7576 | D:10     | Killed Psyche
  7576 | D:10     | Received a gift from Okawaru
  7965 | D:10     | Noticed Teps's ghost (novice MiBe)
  7966 | D:10     | Found a runed translucent door.
  8059 | D:11     | Noticed a purple ugly thing
  8060 | D:11     | Reached skill level 13 in Long Blades
  8061 | D:11     | Noticed a brown ugly thing
  8093 | D:10     | Killed a purple ugly thing
  8101 | D:10     | Killed a purple ugly thing
  8176 | D:11     | Reached skill level 10 in Fighting
  8391 | D:11     | Noticed a deep elf mage
  8429 | D:11     | Noticed an orb spider
  8443 | D:11     | Killed a deep elf mage
  8443 | D:11     | Received a gift from Okawaru
  8651 | D:11     | Got an ancient rapier
  8662 | D:11     | Lost intelligence.
  8662 | D:11     | Identified the +11 rapier of Battle {vamp, rPois rC+ Int-5}
                  | (You found it on level 11 of the Dungeon)
  8826 | D:11     | Noticed a two-headed ogre
  8848 | D:11     | Killed a two-headed ogre
  8848 | D:11     | Reached skill level 10 in Armour
  8915 | D:11     | Reached skill level 1 in Short Blades
  9393 | Lair:1   | Entered Level 1 of the Lair of Beasts
  9570 | Lair:1   | Reached skill level 14 in Long Blades
 10032 | Lair:2   | Reached XP level 12. HP: 78/110 MP: 11/11
 10329 | Lair:2   | Found a staircase to the Snake Pit.
 11127 | Lair:3   | Reached ****** piety under Okawaru
 11211 | Lair:3   | Noticed an eight-headed hydra
 11220 | Lair:3   | Killed a five-headed hydra
 11425 | Lair:3   | Noticed a catoblepas
 11443 | Lair:3   | Killed a catoblepas
 11886 | Lair:4   | Noticed Nessos
 12245 | Lair:4   | Found a staircase to the Swamp.
 12308 | Lair:4   | Killed Nessos
 12308 | Lair:4   | Received a gift from Okawaru
 12791 | Lair:4   | You fall through a shaft for 2 floors!
 12791 | Lair:6   | Entered Level 6 of the Lair of Beasts
 12808 | Lair:6   | Reached XP level 13. HP: 81/119 MP: 12/12
 12825 | Lair:6   | Gained mutation: You are agile. (Dex +2) [potion of
                  | mutation]
 12825 | Lair:6   | Gained mutation: You are very agile. (Dex +4) [potion of
                  | mutation]
 12837 | Lair:6   | Reached skill level 15 in Long Blades
 12845 | Lair:6   | Reached skill level 1 in Evocations
 12851 | Lair:6   | Identified a scroll of acquirement
 12876 | Lair:6   | HP: 4/119 [spiny frog (15)]
 12876 | Lair:6   | Slain by a bullfrog

Skill      XL: |  1  2  3  4  5  6  7  8  9 10 11 12 13 |
---------------+----------------------------------------+-----
Fighting       | 4 5 6 8 9 11 12 | 12.8
Shields        | 4 5 6 7 8 10 11 12 | 12.7
Armour         | 4 5 6 7 8 9 10 11 | 11.6
Long Blades    | 3 4 5 7 9 10 12 14 15 | 15.1
Dodging        | 1 2 3 |  3.8
Stealth        | 1 |  1.2
Short Blades   | 2 |  2.0
Evocations     | 1 |  1.0

Action                   |  1- 3 |  4- 6 |  7- 9 | 10-12 | 13-15 || total
-------------------------+-------+-------+-------+-------+-------++-------
Melee: Long sword        |   107 |   180 |   331 |       |       ||   618
       Headbutt          |    20 |    41 |    82 |   163 |     6 ||   312
       Scimitar          |       |       |    47 |   216 |       ||   263
       Demon blade       |       |       |       |   425 |    32 ||   457
       Rapier            |       |       |       |    41 |       ||    41
Invok: Heroism           |       |       |       |     1 |       ||     1
Evoke: Wand              |       |       |       |     8 |       ||     8
  Use: Scroll            |       |     5 |       |     8 |     7 ||    20
       Potion            |       |       |       |     2 |     2 ||     4
  Eat: Chunk             |       |    17 |    12 |    30 |       ||    59
Armor: Scale mail        |    76 |    34 |       |       |       ||   110
       Chain mail        |       |     9 |       |       |       ||     9
       Plate armour      |       |    51 |   230 |   255 |    10 ||   546
Dodge: Dodged            |    43 |    50 |    77 |   131 |    14 ||   315
Block: Shield            |    73 |   123 |   231 |   355 |    32 ||   814
       Rpst.: Long sword |    13 |    11 |    21 |       |       ||    45
       Scimitar          |       |       |     1 |     5 |       ||     6
       Demon blade       |       |       |       |    26 |     5 ||    31
